 Dungeon Crawl Stone Soup version 0.19-a0-1937-g70ed36a (webtiles) character file.

209 JeffiDaFish the Chopper (level 5, -3/46 HPs)
             Began as a Hill Orc Fighter on Oct 26, 2016.
             Killed from afar by asss's ghost (4 damage)
             ... with a magic dart
             ... on level 4 of the Dungeon.
             The game lasted 00:06:13 (2504 turns).

JeffiDaFish the Chopper (Hill Orc Fighter)          Turns: 2504, Time: 00:06:13

Health: -3/46      AC: 12    Str: 20    XL:     5   Next: 87%
Magic:  1/1        EV:  5    Int:  8    God:
Gold:   223        SH:  9    Dex: 10    Spells: 0 memorised, 4 levels left

rFire  x . .     SeeInvis .     b - +2 trident (antimagic)
rCold  + . .     Gourm    .     l - +0 chain mail
rNeg   . . .     Faith    .     c - +0 shield
rPois  .         Spirit   .     (no helmet)
rElec  .         Reflect  .     (no cloak)
rCorr  .         Harm     .     (no gloves)
MR     .....                    n - +2 pair of boots
Stlth  ..........               (no amulet)
                                (no ring)
                                i - ring of ice

@: invisible
A: no striking features
a: no special abilities


You were on level 4 of the Dungeon.
You were not hungry.

You visited 1 branch of the dungeon, and saw 4 of its levels.

You collected 223 gold pieces.

Inventory:

Hand Weapons
 a - a +0 war axe
 b - a +2 antimagic trident (weapon)
Armour
 c - a +0 shield (worn)
 l - a +0 chain mail (worn)
 n - a +2 pair of boots (worn)
Jewellery
 i - a ring of ice (left hand)
Wands
 j - a wand of random effects (48/48)
Scrolls
 m - a scroll of identify
Potions
 d - 3 potions of curing
 e - 3 potions of might
 h - a potion of invisibility
Comestibles
 f - 3 bread rations
 k - 2 slices of pizza


   Skills:
 + Level 4.2 Fighting
 + Level 5.2 Axes
 + Level 4.4 Armour
 + Level 0.5 Dodging
 + Level 4.3 Shields


You had 4 spell levels left.
You didn't know any spells.

Dungeon Overview and Level Annotations

Branches:
Dungeon (4/15)
 Temple: D:4-7

Altars:

Annotations:
D:4 asss's ghost, amateur OpCj


Message History

You block the iguana's attack.
You barely miss the iguana.
The iguana is heavily wounded.
Asss's ghost hits you but does no damage.
The iguana bites you!
You closely miss the iguana.
The iguana is heavily wounded.
Asss's ghost hits you. The iguana bites you.
Asss's ghost hits you but does no damage.
You closely miss the iguana.
The iguana is heavily wounded.
The iguana bites you!
* * * LOW HITPOINT WARNING * * *
Asss's ghost barely misses you.
You fade into invisibility!
The iguana bites you!
* * * LOW HITPOINT WARNING * * *
Asss's ghost casts a spell at you. The magic dart hits you!
You die...

#.# ... #.# ####
###.#### #...
......# #..#
.....# #..#
#l##?# #..#
#@##.####.. #..#
...##W.....>...
#...
..W.........###.
#...
.##..#####..#
#.## #.........#
#.## #########.#
#. #
#.#########.##
#.............
#.#####.##.###


You could see an iguana and asss's ghost.

Vanquished Creatures
  Sigmund (D:2)
  2 adders (D:2)
  A dart slug (D:1)
  2 leopard geckos
  2 giant cockroaches
  5 goblins
  2 hobgoblins
  2 jackals (D:3)
  3 ball pythons
  5 bats
  3 frilled lizards
  7 kobolds
  6 rats
41 creatures vanquished.

Notes
Turn   | Place    | Note
-------+----------+-------------------------------------------
     0 | D:1      | JeffiDaFish the Hill Orc Fighter began the quest for the Orb.
     0 | D:1      | Reached XP level 1. HP: 19/19 MP: 1/1
   122 | D:1      | Reached XP level 2. HP: 26/26 MP: 2/2
   704 | D:2      | Noticed Sigmund
   716 | D:2      | Killed Sigmund
   716 | D:2      | Reached skill level 5 in Axes
   716 | D:2      | Reached XP level 3. HP: 23/33 MP: 3/3
   716 | D:2      | Reached XP level 4. HP: 28/40 MP: 4/4
   716 | D:2      | Reached XP level 5. HP: 32/46 MP: 5/5
  2493 | D:4      | Noticed asss's ghost (amateur OpCj)
  2504 | D:4      | HP: 1/46 [iguana (9)]
  2504 | D:4      | Killed from afar by asss's ghost

Vault maps used:
D:1:      co_arrival_hall_of_pillars
D:2:      wad_woods_pond, first_bread, uniq_sigmund
D:3:      kennysheep_small_spiral
D:4:      lemuel_doored_altar

Skill      XL: |  1  2 |
---------------+-------+-----
Fighting       | 4 |  4.2
Axes           | 5 |  5.2
Armour         | 4 |  4.4
Shields        | 4 |  4.3
Dodging        | |  0.5

Action                   |  1- 3 |  4- 6 || total
-------------------------+-------+-------++-------
Melee: War axe           |    55 |    63 ||   118
       Trident           |       |    32 ||    32
  Use: Potion            |     2 |     5 ||     7
       Scroll            |     1 |     7 ||     8
  Eat: Chunk             |       |     3 ||     3
       Bread ration      |       |     1 ||     1
Armor: Scale mail        |    18 |    28 ||    46
       Chain mail        |       |    15 ||    15
Dodge: Dodged            |    13 |    24 ||    37
Block: Shield            |    19 |    53 ||    72
